 Dungeon Sprint DCSS version 0.19.1 (webtiles) character file.

1425 equalderp2856 the Ripper (level 8, -7/42 HPs)
             Began as a Felid Fighter on Nov 29, 2016.
             Was a Priest of Trog.
             Mangled by a hornet (10 damage)
             ... while paralysed by a hornet
             ... in the Dungeon (Sprint I: "Red Sonja").
             The game lasted 00:03:05 (903 turns).

equalderp2856 the Ripper (Felid Fighter)             Turns: 903, Time: 00:03:06

Health: -7/42      AC:  2    Str: 13    XL:     8   Next: 44%
Magic:  9/9        EV:  4    Int: 10    God:    Trog [***...]
Gold:   650        SH:  0    Dex: 17    Spells: 0 memorised, 7 levels left
                                        Lives:  0   Deaths: 2

rFire  . . .     SeeInvis +       - Unarmed
rCold  . . .     Gourm    .     (armour unavailable)
rNeg   . . .     Faith    .     (shield unavailable)
rPois  .         Spirit   .     (helmet unavailable)
rElec  .         Reflect  .     (cloak unavailable)
rCorr  .         Harm     .     (gloves unavailable)
MR     +....     NoTele   +     (boots unavailable)
Stlth  +++++.....               (no amulet)
                                (no ring)
                                (no ring)

@: paralysed, slowed, quick
A: no armour, no weapons or thrown items, stealth, claws 1, fangs 3, see
invisible, carnivore 3, speed 1, shaggy fur 2, slow metabolism 1, sharp paws
a: Berserk, Trog's Hand, Burn Spellbooks, Renounce Religion


You were in the Dungeon.
You worshipped Trog.
Trog was most pleased with you.
You were not hungry.

You visited 1 branch You collected 650 gold pieces.

Inventory:

Scrolls
 h - a scroll of blinking
 i - a scroll of fear {unknown}
 j - a scroll of fog {unknown}
 k - a scroll of identify {unknown}
Potions
 a - 2 potions of might
 c - 4 potions of curing
 e - a potion of haste
 f - 2 potions of magic
Comestibles
 b - a meat ration


   Skills:
 + Level 9.2 Fighting
 + Level 13.1 Dodging
 + Level 10.0 Stealth
 + Level 17.0 Unarmed Combat


You had 7 spell levels left.
You didn't know any spells.

Dungeon Overview and Level Annotations

Branches:
Dungeon (1/1)

Altars:
Cheibriados
Dithmenos
Elyvilon
Fedhas
Gozag
Hepliaklqana
Kikubaaqudgha
Makhleb
Nemelex Xobeh
Okawaru
Qazlal
Ru
Sif Muna
Trog
Uskayaw
Vehumet
Xom
Yredelemnul
Zin
The Shining One
Jiyva
Lugonu

Shops:
D =?[


Innate Abilities, Weirdness & Mutations

You cannot wear armour.
You are incapable of wielding weapons or throwing items.
Your paws allow you to move quietly. (Stealth)
You have sharp claws.
You have razor-sharp teeth.
You have supernaturally acute eyesight. (SInv)
You are carnivorous and can eat meat at any time.
You cover ground quickly.
You are covered in thick fur. (AC +2)
You have a slow metabolism.
Your sharp claws are effective at attacking unaware monsters.


Message History

Found 108 gold pieces.
The hornet completely misses you. The hornet misses you.
There is an open door here.
You miss the hornet. You claw the hornet!
The hornet is moderately wounded.
The hornet completely misses you.
You barely miss the hornet.
The hornet is moderately wounded.
The hornet stings you!
You suddenly lose the ability to move!
The hornet stings you!
You feel yourself slow down. The hornet stings you.
You feel as though you will be slow longer.
The hornet stings you!
* * * LOW HITPOINT WARNING * * *
You feel as though you will be slow longer.
The hornet stings you.
* * * LOW HITPOINT WARNING * * *
You feel as though you will be slow longer.
The hornet stings you!
You die...

#####################
)').#.)'..#__#..))..#
.#..'..#..'..'..#...#
###'#####'#__####...+
##..#.(.#.####§§#####
_####..##(#≈§≈§§#$$#
____##'#..'§§§§§@y.#
.∩...'..._#§§≈§§#$$#
..__##_.#'##(#####+#
____###'#.#.)§%###
#######)####'###.##
.....'.(.(c([..'.∩#
++####.).##########
##.## #+#


You could see a hornet.

Vanquished Creatures
  2 centaur warriors (D)
  Sonja (D)
  A deep troll (D)
  2 kobold demonologists (D)
  A slime creature (D)
  Sigmund (D)
  A yak (D)
  A floating eye (D)
  An ogre (D)
  A jelly (D)
  Ijyb (D)
13 creatures vanquished.

Notes
Turn   | Place    | Note
-------+----------+-------------------------------------------
     0 | D        | equalderp2856 the Felid Fighter began the quest for the Orb.
     0 | D        | Reached XP level 1. HP: 10/10 MP: 2/2
     2 | D        | Noticed Ijyb
    11 | D        | Killed Ijyb
    11 | D        | Reached skill level 5 in Dodging
    11 | D        | Reached skill level 1 in Stealth
    11 | D        | Reached skill level 6 in Unarmed Combat
    11 | D        | Reached XP level 2. HP: 9/15 MP: 3/3
   123 | D        | Noticed an ogre
   128 | D        | Killed an ogre
   128 | D        | Reached skill level 8 in Unarmed Combat
   128 | D        | Reached XP level 3. HP: 19/19 MP: 4/4
   128 | D        | Reached XP level 4. HP: 22/22 MP: 5/5
   207 | D        | Noticed Sigmund
   217 | D        | Killed Sigmund
   217 | D        | Reached skill level 10 in Unarmed Combat
   217 | D        | Reached XP level 5. HP: 16/27 MP: 6/6
   217 | D        | Gained mutation: You are covered in thick fur. (AC +2) [Felid growth]
   217 | D        | Reached XP level 6. HP: 18/31 MP: 7/7
   364 | D        | Found a deep blue altar of Sif Muna.
   366 | D        | Found a radiant altar of Vehumet.
   375 | D        | Found Yshaic's Magic Scroll Emporium.
   375 | D        | Found an ancient bone altar of Kikubaaqudgha.
   375 | D        | Found a hazy altar of Hepliaklqana.
   375 | D        | Found a stormy altar of Qazlal.
   375 | D        | Found a hide-covered altar of Uskayaw.
   375 | D        | Found a blossoming altar of Fedhas.
   375 | D        | Found a bloodstained altar of Trog.
   375 | D        | Found an iron altar of Okawaru.
   375 | D        | Found a basalt altar of Yredelemnul.
   375 | D        | Found a glowing golden altar of the Shining One.
   375 | D        | Found a snail-covered altar of Cheibriados.
   375 | D        | Found a sacrificial altar of Ru.
   375 | D        | Found a glowing silver altar of Zin.
   375 | D        | Found a shadowy altar of Dithmenos.
   375 | D        | Found a white marble altar of Elyvilon.
   375 | D        | Noticed a yak
   376 | D        | Found an opulent altar of Gozag.
   378 | D        | Killed a yak
   378 | D        | Reached skill level 11 in Unarmed Combat
   379 | D        | Found a sparkling altar of Nemelex Xobeh.
   388 | D        | Became a worshipper of Trog the Wrathful
   428 | D        | Found a burning altar of Makhleb.
   428 | D        | Found a viscous altar of Jiyva.
   428 | D        | Found a shimmering altar of Xom.
   428 | D        | Found a corrupted altar of Lugonu.
   428 | D        | Noticed a slime creature
   439 | D        | Killed a slime creature
   439 | D        | Reached skill level 10 in Dodging
   439 | D        | Reached skill level 12 in Unarmed Combat
   439 | D        | Reached XP level 7. HP: 18/36 MP: 8/8
   603 | D        | Noticed a kobold demonologist
   604 | D        | Noticed a kobold demonologist
   606 | D        | Reached skill level 5 in Stealth
   608 | D        | Noticed a soul eater
   615 | D        | Noticed an ice devil
   616 | D        | Killed a kobold demonologist
   616 | D        | Reached * piety under Trog
   616 | D        | Reached skill level 13 in Unarmed Combat
   616 | D        | Reached XP level 8. HP: 38/40 MP: 9/9
   624 | D        | Killed a kobold demonologist
   624 | D        | Reached ** piety under Trog
   624 | D        | Reached skill level 14 in Unarmed Combat
   658 | D        | Noticed a centaur warrior
   659 | D        | Noticed a centaur warrior
   661 | D        | Noticed a deep troll
   663 | D        | Killed a deep troll
   675 | D        | Noticed Sonja
   678 | D        | Killed Sonja
   678 | D        | Reached skill level 15 in Unarmed Combat
   678 | D        | Reached XP level 9. HP: 45/45 MP: 10/10
   696 | D        | Found Gobbuboe's Armour Emporium.
   722 | D        | Found Tafeacon's Jewellery Boutique.
   772 | D        | Killed a centaur warrior
   772 | D        | Reached *** piety under Trog
   772 | D        | Reached skill level 16 in Unarmed Combat
   779 | D        | Shot with an arrow by a centaur warrior
   780 | D        | Reached XP level 8. HP: -15/42 MP: 9/9
   786 | D        | Shot with an arrow by a centaur warrior
   787 | D        | Reached XP level 7. HP: -6/38 MP: 8/8
   796 | D        | Killed a centaur warrior
   796 | D        | Reached skill level 10 in Stealth
   796 | D        | Reached skill level 17 in Unarmed Combat
   796 | D        | Reached XP level 8. HP: 28/42 MP: 9/9
   896 | D        | Noticed a hornet
   900 | D        | Paralysed by a hornet for 3 turns
   903 | D        | Mangled by a hornet

Skill      XL: |  1  2  3  4  5  6  7  8  9 |
---------------+----------------------------+-----
Dodging        | 5 7 8 10 13 12 | 13.1
Stealth        | 1 3 4 10 8 9 | 10.0
Unarmed Combat | 6 8 10 12 17 15 16 | 17.0
Fighting       | 4 6 7 8 9 |  9.2

Action                   |  1- 3 |  4- 6 |  7- 9 || total
-------------------------+-------+-------+-------++-------
Melee: Unarmed           |    11 |    22 |    31 ||    64
       Bite              |     1 |     8 |     2 ||    11
       Punch             |       |     1 |     5 ||     6
  Use: Potion            |       |       |     2 ||     2
 Stab: Sleeping          |     1 |     1 |     2 ||     4
Armor: Skin              |       |       |     1 ||     1
Dodge: Dodged            |     7 |    10 |    25 ||    42
